 Dungeon Crawl Stone Soup version 0.27-a0-1144-g0b7d3b79db (webtiles) character file.

Game seed: 16118763635106503628

18 bilbop the Magician (level 2, -2/22 HPs)
             Began as a Djinni Air Elementalist on May 10, 2021.
             Killed by divine providence
             ... invoked by an orc priest
              (12 damage)
             ... on level 2 of the Dungeon.
             The game lasted 00:02:31 (1131 turns).

bilbop the Magician (Djinni Air Elementalist)       Turns: 1131, Time: 00:02:31

Health: -2/22      AC:  2    Str:  7    XL:     2   Next: 70%
Gold:   37         EV: 12    Int: 16    God:
                   SH:  0    Dex: 13

rFire    + + .     SeeInvis .   c - +0 dagger
rCold    x . .     Faith    .   (no shield)
rNeg     . . .     Spirit   .   a - +0 robe
rPois    ∞         Reflect  .   (no helmet)
rElec    .         Harm     .   (no cloak)
rCorr    .         Rampage  .   (no gloves)
Will     .....                  (boots unavailable)
Stlth    ++........             (no amulet)
HPRegen  0.07/turn              (no ring)
MPRegen  0.00/turn              (no ring)

@: flying
A: sickness immunity, fire resistance 2, cold vulnerability 1, float, innate
caster, hp casting, extra vitality 1
a: no special abilities


You were on level 2 of the Dungeon.
You visited 1 branch of the dungeon, and saw 2 of its levels.

You collected 37 gold pieces.

Inventory:

Hand Weapons
 c - a +0 dagger (weapon)
Armour
 a - a +0 robe (worn)
Scrolls
 b - a scroll of teleportation {unknown}
 d - 2 scrolls of magic mapping {unknown}
 e - a scroll of holy word {unknown}


   Skills:
 + Level 0.7 Fighting
 + Level 0.6 Long Blades
 - Level 2.1 Dodging
 + Level 1.8 Stealth
 * Level 3.0 Spellcasting


You couldn't memorise any spells.
You knew the following spells:

 Your Spells              Type           Power      Damage    Failure   Level
a - Shock                 Conj/Air       48%        1d6       5%          1
b - Static Discharge      Conj/Air       12%        N/A       9%          2
c - Swiftness             Air            12%        N/A       16%         3
d - Airstrike             Air            6%         N/A       47%         4
e - Lightning Bolt        Conj/Air       6%         1d18      83%         5
Your spell library was empty.

Dungeon Overview and Level Annotations

Branches:
Dungeon (2/15)

Altars:


Innate Abilities, Weirdness & Mutations

You are immune to sickness and miasma.
You are immune to poison.
Your flesh is very heat resistant. (rF++)
You are vulnerable to cold. (rC-)
You float through the air rather than walking.
You learn spells naturally, not from books.
Your magical power is your life essence.
You have superior vitality. (+4 HP)


Message History

The giant cockroach is almost dead.
The giant cockroach closely misses you.
You closely miss the giant cockroach.
The giant cockroach is almost dead.
The giant cockroach closely misses you.
You hit the giant cockroach.
You kill the giant cockroach!
An endoplasm comes into view.
The zap hits the endoplasm.
The endoplasm is heavily wounded.
The endoplasm quivers.
The zap hits the endoplasm.
The endoplasm is almost dead.
The zap hits the endoplasm.
You kill the endoplasm!
Your Spellcasting skill increases to level 3!
An orc comes into view. It is wielding a +0 hand axe.
The orc shouts!
You hear a shout!
Found 11 gold pieces.
The zap hits the orc.
The orc is severely wounded.
The zap misses the orc.
The orc closely misses you.
The zap misses the orc.
The orc hits you with a +0 hand axe.
The zap hits the orc.
You kill the orc!
An orc priest comes into view. It is wielding a +0 hand axe.
The zap hits the orc priest.
The orc priest is lightly wounded.
The zap misses the orc priest.
The zap hits the orc priest.
The orc priest is moderately wounded.
Casting: Shock (safe; 5% risk of failure)
Confirm with . or Enter, or press ? or * to list all spells.
The orc priest is struck by an arc of lightning.
The orc priest is severely wounded.
You are struck by an arc of lightning.
The lightning grounds out.
The orc priest calls down the wrath of Beogh upon you.
Beogh smites you!
Ouch! That really hurt!
You die...

##### ###
#...########## $.
#...#.........
#.####.........####
#o#.........##.# #
#.@.........##.# #
#.#.........##.# #
#.####...#.#.#.# #
#.####....###..# #
#........## ##.# #
#.#######.###.## #.
######.#...# #.
............####
########........


You could see an orc priest.

Vanquished Creatures
  An orc (D:2)
  A bat (D:2)
  2 endoplasms
  A giant cockroach (D:2)
  2 goblins (D:1)
  3 jackals (D:1)
  A quokka (D:1)
  A ball python (D:1)
  A kobold (D:1)
  2 rats (D:1)
15 creatures vanquished.

Notes
Turn   | Place    | Note
-------+----------+-------------------------------------------
     0 | D:1      | bilbop the Djinni Air Elementalist began the quest for the
                  | Orb.
     0 | D:1      | Reached XP level 1. HP: 15/15 MP: 0/0
   289 | D:1      | Reached XP level 2. HP: 13/22 MP: 0/0
  1080 | D:2      | Reached skill level 3 in Spellcasting
  1131 | D:2      | Killed from afar by an orc priest

Illustrated notes

Levels and vault maps discovered:
D:1:      dpeg_arrival_windows_large_door, layout_loops_ring, amethyst_killhole
D:2:      layout_loops_ring, ebering_ecumenical_altar_box,
          chequers_serial_rivers_room_a, minmay_rat_gold_closets

Skill      XL: |  1  2 |
---------------+-------+-----
Spellcasting   | 3 |  3.0
Fighting       | |  0.7
Long Blades    | |  0.6
Dodging        | |  2.1
Stealth        | |  1.8

Action                   || total
-------------------------++-------
Melee: Dagger            ||     4
 Cast: Shock             ||    32
       Static Discharge  ||     1
Armor: Robe              ||     1
Dodge: Dodged            ||     5

Table legend: (Time is in decaauts)
 A = Elapsed time spent in this place.
 B = Non-inter-level travel time spent in this place.
 C = Inter-level travel time spent in this place.
 D = Time resting spent in this place.
 E = Time spent auto-exploring this place.
 F = Levels seen in this place.
 G = Mean time per level.
                   A        B        C        D        E       F      G
               +--------+--------+--------+--------+--------+-----+--------+
         Total |   1130 |   1104 |     26 |      8 |   1035 |   2 |  565.0 |
       Dungeon |   1130 |   1104 |     26 |      8 |   1035 |   2 |  565.0 |
               +--------+--------+--------+--------+--------+-----+--------+

Top non-repeatable levels by time:
     D:1: 935 daAuts
     D:2: 194 daAuts
